 Dungeon Crawl Stone Soup version 0.28-a0-474-g535839065c (webtiles) character file.

Game seed: 13481121212081353318

752 dduke234 the Cutter (level 7, -5/43 HPs)
             Began as a Tengu Fighter on Sept 15, 2021.
             Slain by a hornet zombie (6 damage)
             ... on level 5 of the Dungeon.
             The game lasted 00:09:15 (4047 turns).

dduke234 the Cutter (Tengu Fighter)                 Turns: 4047, Time: 00:09:15

Health: -5/43      AC:  7    Str: 16    XL:     7   Next: 78%
Magic:  8/8        EV: 12    Int:  9    God:
Gold:   74         SH:  5    Dex: 15    Spells: 6/6 levels left

rFire   . . .      SeeInvis .   a - +1 rapier
rCold   . . .      Faith    .   c - +0 buckler
rNeg    . . .      Spirit   .   b - +1 scale mail
rPois   .          Reflect  .   (helmet restricted)
rElec   .          Harm     .   m - scarf {shadows}
rCorr   .          Rampage  .   (no gloves)
Will    .....                   (boots unavailable)
Stlth   +.........              (no amulet)
HPRegen 0.14/turn               (no ring)
MPRegen 0.11/turn               (no ring)

@: mighty, flying quickly and evasively, quick
A: beak, talons 3, nimble flight
a: no special abilities


You were on level 5 of the Dungeon.
You visited 1 branch of the dungeon, and saw 5 of its levels.

You collected 199 gold pieces.
You spent 125 gold pieces at shops.

Inventory:

Hand Weapons
 a - a +1 rapier (weapon)
Armour
 b - a +1 scale mail (worn)
 c - a +0 buckler (worn)
 m - a scarf of shadows (worn)
Wands
 h - a wand of iceblast (6)
Scrolls
 f - 2 scrolls of teleportation
 k - a scroll of blinking {unknown}
 l - a scroll of enchant armour
Potions
 d - a potion of might
 e - a potion of flight
 g - 3 potions of degeneration
 i - a potion of curing
 j - a potion of ambrosia


   Skills:
 + Level 4.0 Fighting
 * Level 7.5 Short Blades
 - Level 3.2 Armour
 * Level 3.0 Dodging
 * Level 3.0 Stealth
 - Level 3.0 Shields


You had 6 spell levels left.
You didn't know any spells.
Your spell library contained the following spells:

 Spells                   Type           Power      Damage    Failure   Level
 Frozen Ramparts          Ice            0%         1d2       99%         3
 Ice Form                 Ice/Tmut       0%         N/A       100%        4
 Summon Ice Beast         Ice/Summ       0%         N/A       100%        4


Dungeon Overview and Level Annotations

Branches:
Dungeon (5/15)
 Temple: D:4-7

Altars:

Shops:
D:2 !!   D:3 [   D:4 =[(?


Innate Abilities, Weirdness & Mutations

You have a beak for a mouth.
You have claws for feet.
Your magical nature lets you fly swiftly and evasively.


Message History

* * * LOW HITPOINT WARNING * * *
You puncture the orc wizard!
You kill the orc wizard!
The hornet zombie closely misses you.
You hit the hornet zombie. Your kick misses the hornet zombie.
The hornet zombie is lightly damaged.
The orc hits you but does no damage. The orc hits you with a +0 dagger.
* * * LOW HITPOINT WARNING * * *
The hornet zombie hits you.
* * * LOW HITPOINT WARNING * * *
The orc barely misses you.
You puncture the orc!
You kill the orc!
You barely miss the orc. You claw the orc!
You kill the orc!
The centaur wields a +0 shortbow.
The centaur shoots an arrow.
The arrow closely misses you. The hornet zombie hits you.
* * * LOW HITPOINT WARNING * * *
The centaur unwields a +0 shortbow.
The centaur hits you but does no damage.
The centaur kicks you.
* * * LOW HITPOINT WARNING * * *
Items here: )) [ ††.
You puncture the centaur! You claw the centaur!
You kill the centaur!
The hornet zombie hits you but does no damage.
Your Fighting skill increases to level 4!
Your Dodging skill increases to level 3!
Your Stealth skill increases to level 3!
Your scale mail prevents you from hitting the hornet zombie.
You claw the hornet zombie!
The hornet zombie is heavily damaged.
The hornet zombie hits you.
* * * LOW HITPOINT WARNING * * *
You barely miss the hornet zombie. Your kick misses the hornet zombie.
Your peck misses the hornet zombie.
The hornet zombie is heavily damaged.
The hornet zombie hits you.
You die...

..## ##........# ...##
##...#.###
.#..###..###.####
)##..##.###.....#
<###......#.##### ####
.......#....# ###...
.......)....#####...#
...............##...#8..
................@Z.....>
.........#....###)).....
.......#......# #...#8..
.......###..........# .[
)####.####............
.####..................
...)...####............
.#####.... ..# ..


You could see a hornet zombie.

Vanquished Creatures
  A sky beast (D:2)
  An ogre (D:4)
  2 centaurs (D:5)
  2 jellies (D:5)
  A centaur skeleton (D:4)
  A centaur zombie (D:4)
  A bullfrog skeleton (D:3)
  An iguana (D:4)
  Ijyb (D:4)
  An orc wizard (D:5)
  A hound skeleton (D:4)
  8 adders
  A white imp (D:5)
  2 dart slugs
  10 orcs
  7 ball pythons
  9 bats
  10 endoplasms
  A giant cockroach (D:1)
  5 goblins
  7 hobgoblins
  11 jackals
  3 kobolds
  5 quokkas
  4 rats
96 creatures vanquished.

Notes
Turn   | Place    | Note
-------+----------+-------------------------------------------
     0 | D:1      | dduke234 the Tengu Fighter began the quest for the Orb.
     0 | D:1      | Reached XP level 1. HP: 14/14 MP: 2/2
    55 | D:1      | Reached XP level 2. HP: 11/19 MP: 3/3
   245 | D:1      | Reached skill level 1 in Dodging
   269 | D:1      | Reached skill level 1 in Stealth
   338 | D:1      | Reached XP level 3. HP: 23/23 MP: 4/4
  1018 | D:2      | Reached skill level 3 in Short Blades
  1089 | D:2      | Reached XP level 4. HP: 21/28 MP: 5/5
  1220 | D:2      | Found Koisaug's Distillery.
  1590 | D:2      | You fall into a shaft and drop 2 floors!
  1630 | D:3      | Found Koxeibew's Antique Armour Emporium.
  1654 | D:3      | Noticed a sky beast
  1667 | D:2      | Killed a sky beast
  1668 | D:2      | Reached skill level 4 in Short Blades
  1668 | D:2      | Gained mutation: Your magical nature lets you fly swiftly
                  | and evasively. [Tengu growth]
  1668 | D:2      | Reached XP level 5. HP: 32/32 MP: 6/6
  1825 | D:2      | Found Tufashrav's Distillery.
  2214 | D:3      | Reached skill level 5 in Short Blades
  2632 | D:4      | Reached XP level 6. HP: 30/37 MP: 7/7
  3156 | D:4      | Reached skill level 6 in Short Blades
  3158 | D:4      | Noticed Ijyb
  3174 | D:4      | Killed Ijyb
  3298 | D:4      | Reached XP level 7. HP: 42/42 MP: 8/8
  3298 | D:4      | Found Typoihio's Antique Weapon Boutique.
  3300 | D:4      | Found Kopravor's Jewellery Boutique.
  3302 | D:4      | Found Oreufadu's Magic Scroll Boutique.
  3306 | D:4      | Found Hacus's Antique Armour Boutique.
  3335 | D:4      | Bought a glowing dagger for 125 gold pieces
  3718 | D:5      | Entered Level 5 of the Dungeon
  3824 | D:5      | Reached skill level 7 in Short Blades
  4046 | D:5      | HP: 1/43 [hornet zombie (5)]
  4047 | D:5      | Slain by a hornet zombie

Illustrated notes

Levels and vault maps discovered:
D:1:      dpeg_arrival_court, layout_basic, lemuel_flame_loot_1
D:2:      layout_basic, serial_shops, shop, shop, minmay_increasing_density
D:3:      layout_rooms, serial_shops, shop
D:4:      layout_loops_ring, palyth_stone_intersect, minmay_shop_grid_forest,
          kennysheep_generic_room_14, uniq_ijyb
D:5:      layout_rooms, st_stairs_6

Skill      XL: |  1  2  3  4  5  6  7 |
---------------+----------------------+-----
Dodging        | 1 2 3 |  3.0
Stealth        | 1 2 3 |  3.0
Short Blades   | 3 4 5 6 7 |  7.5
Fighting       | 4 |  4.0
Armour         | |  3.2
Shields        | |  3.0

Action                   |  1- 3 |  4- 6 |  7- 9 || total
-------------------------+-------+-------+-------++-------
Melee: Rapier            |    68 |   105 |    82 ||   255
       Kick              |    10 |    39 |    29 ||    78
       Peck              |    12 |    15 |    17 ||    44
  Use: Scroll            |     4 |     4 |       ||     8
       Potion            |     3 |     4 |     1 ||     8
Armor: Scale mail        |    23 |    40 |    25 ||    88
Dodge: Dodged            |    24 |    42 |    26 ||    92
Block: Buckler           |     9 |    27 |    20 ||    56

Table legend: (Time is in decaauts)
 A = Elapsed time spent in this place.
 B = Non-inter-level travel time spent in this place.
 C = Inter-level travel time spent in this place.
 D = Time resting spent in this place.
 E = Time spent auto-exploring this place.
 F = Levels seen in this place.
 G = Mean time per level.
                   A        B        C        D        E       F      G
               +--------+--------+--------+--------+--------+-----+--------+
         Total |   3895 |   3728 |    167 |      0 |   3050 |   5 |  779.0 |
       Dungeon |   3895 |   3728 |    167 |      0 |   3050 |   5 |  779.0 |
               +--------+--------+--------+--------+--------+-----+--------+

Top non-repeatable levels by time:
     D:4: 1072 daAuts
     D:1: 1024 daAuts
     D:2: 974 daAuts
     D:3: 509 daAuts
     D:5: 314 daAuts
